 Dungeon Crawl Stone Soup version 0.32-a0-876-gcfddb08e57 (webtiles) character file.

Game seed: 7518213599121576160

1992 rvierbuc the Covert (level 9, -8/39 HPs)
             Began as a Felid Conjurer on Apr 1, 2024.
             Was an Initiate of Sif Muna.
             Killed from afar by a steam dragon (23 damage)
             ... with a ball of steam
             ... on level 7 of the Dungeon.
             The game lasted 00:31:26 (8101 turns).

rvierbuc the Covert (Felid Conjurer)                Turns: 8101, Time: 00:31:26

Health: -8/39      AC:  6    Str:  3    XL:     9   Next: 1%
Magic:  5/18       EV: 22    Int: 26    God:    Sif Muna [......]
Gold:   276        SH:  0    Dex: 19    Spells: 12/19 levels left
                                        Lives:  0   Deaths: 3

rFire   . . .        (weapon unavailable)
rCold   + . .        (shield unavailable)
rNeg    . . .        (body armour unavailable)
rPois   .            (helmet unavailable)
rElec   .            (cloak unavailable)
rCorr   .            (gloves unavailable)
SInv    +            (boots unavailable)
Will    ++...        (no amulet)
Stlth   ++++         l - ring of Egir {Wiz rC+ Will+ Dex+4}
HPRegen 0.26/turn    n - +4 ring of protection
MPRegen 0.16/turn

%: wizardry (x1)
@: no status effects
A: very small, claws 1, fangs 3, see invisible, shaggy fur 2, stealthy paws, no
weapons or thrown items, no armour, multi-lived
a: Renounce Religion


You were on level 7 of the Dungeon.
You worshipped Sif Muna.
Sif Muna was noncommittal.
You visited 2 branches of the dungeon, and saw 8 of its levels.
You also visited: Sewer.

You collected 276 gold pieces.

Inventory:

Jewellery
 d - a +6 ring of dexterity
 l - the ring of Egir (left paw) {Wiz rC+ Will+ Dex+4}
   (You found it on level 2 of the Dungeon)

   [ring of wizardry]

   Wiz:       It improves your spell success rate.
   Dex+4:     It affects your dexterity (+4).
   rC+:       It protects you from cold.
   Will+:     It increases your willpower.
 n - a +4 ring of protection (right paw)
 y - a ring of magical power
Talismans
 z - a dragon-blood talisman
Wands
 m - a wand of paralysis (23)
 x - a wand of flame (19)
Scrolls
 b - a scroll of enchant armour {unknown}
 c - a scroll of teleportation {unknown}
 e - 6 scrolls of revelation {unknown}
 g - 5 scrolls of identify {unknown}
 i - 5 scrolls of noise
 j - 4 scrolls of amnesia {unknown}
 k - a scroll of vulnerability {unknown}
 q - a scroll of poison {unknown}
 t - a scroll of summoning {unknown}
 u - a scroll of immolation {unknown}
 w - a scroll of fear {unknown}
Potions
 a - a potion of magic
 f - 3 potions of curing
 h - a potion of brilliance {unknown}
 o - a potion of attraction {unknown}
 p - a potion of berserk rage {unknown}
 r - 2 potions of cancellation {unknown}
 s - 2 potions of enlightenment
 v - a potion of mutation


   Skills:
 + Level 8.1 Dodging
 + Level 8.8 Stealth
 + Level 5.6 Spellcasting
 + Level 6.5 Conjurations


You had 12 spell levels left.
You knew the following spells:

 Your Spells              Type           Power      Damage    Failure   Level
a - Magic Dart            Conj           100%       1d8       1%          1
b - Searing Ray           Conj           82%        2d7       1%          2
c - Fulminant Prism       Conj/Alch      12%        3d8       8%          4

Your spell library contained the following spells:

 Spells                   Type           Power      Damage    Failure   Level
 Iskenderun's Mystic Bla Conj/Tloc 24%            2d7        (+2d3     8%          4
 Leda's Liquefaction      Alch/Erth      3%         N/A       28%         4
 Lee's Rapid Deconstruct  Erth           3%         3d5*      58%         5
 Permafrost Eruption      Ice/Erth       3%         2x4d2     98%         6


Dungeon Overview and Level Annotations

Branches:
Dungeon (7/15)             Temple (1/1) D:6           Sewer (visited)

Altars:
Ashenzari
Cheibriados
Fedhas
Gozag
Kikubaaqudgha
Makhleb
Nemelex Xobeh
Qazlal
Ru
Sif Muna
Trog
Wu Jian
Xom
Yredelemnul
Zin
The Shining One

Annotations:
D:4 2 transporters, rvierbuc's ghost, amateur OnGl
D:7 3 runed translucent doors, EvilEddieB's ghost, amateur DsGl; RoseCult's ghost, novice MDFi; TwadoKnight's ghost, novice MiFi; osoart's ghost, novice MDFi; redsdead's ghost, novice OpSh


Innate Abilities, Weirdness & Mutations

You have sharp claws.
You have razor-sharp teeth.
You have supernaturally acute eyesight. (SInv)
You are covered in thick fur. (AC +2)
Your paws help you pounce on unaware monsters.
You are incapable of wielding weapons or throwing items.
You cannot wear armour.
You gain extra lives every three experience levels.


Message History

Casting: Searing Ray (safe; 1% risk of failure)
Confirm with . or Enter, or press ? or * to list all spells.
Aiming: Searing Ray (safe; 1% risk of failure)
Press: ? - help, Shift-Dir - straight line, f - steam dragon
Aim: a steam dragon (wandering, hasn't noticed you, 82% to hit)
The searing ray misses the steam dragon. (Press . to maintain the ray.)
The steam dragon hisses angrily.
The searing ray misses the steam dragon.
The searing ray hits the steam dragon!
The steam dragon is moderately wounded.
The steam dragon breathes steam at you. The ball of steam hits you!
The searing ray hits the steam dragon.
The steam dragon is moderately wounded.
You finish channelling your searing ray.
You are engulfed in a cloud of scalding steam.
The steam dragon completely misses you. x2
You barely miss the steam dragon.
The steam dragon is moderately wounded.
The steam dragon completely misses you. The steam dragon claws you.
You barely miss the steam dragon.
The steam dragon is moderately wounded.
The steam dragon completely misses you.
The steam dragon claws you but does no damage.
Casting: Searing Ray (safe; 1% risk of failure)
Confirm with . or Enter, or press ? or * to list all spells.
Aiming: Searing Ray (safe; 1% risk of failure)
Press: ? - help, Shift-Dir - straight line, f/p - steam dragon
Aim: a steam dragon (moderately wounded, 82% to hit)
The searing ray hits the steam dragon.
The steam dragon is heavily wounded. (Press . to maintain the ray.)
The steam dragon completely misses you. x2
The searing ray hits the steam dragon.
The steam dragon is severely wounded.
The steam dragon breathes steam at you. The ball of steam hits you!!
Ouch! That really hurt!
You die...

#...#...§. .#### #...#.☼.§# #.
#.#($ #...###.## #.###.#.
#...###### #.#...# .._.......
#.#...## #...###### #.#?...###
#... #........# #...#.. #....D.#
.. ... #...#. #....@.# #.# #.#.
#.⌠.#. ##.....# #.# .... #...#
#...§.# #.# .... #...#
##.....###.# ##...#
#'''########[.........### ##....
#............#.....##...###..##
##..####.>#######.....#.......##
###.......÷.# ##[#...###..#..#
.......####.# #[##....#.###.#


You could see a steam dragon (catching breath).

Vanquished Creatures
  Sigmund (D:3)
  A yak (D:7)
  2 water moccasins (D:6)
  2 ice beasts
  A black bear (D:6)
  An ogre (D:6)
  A centaur (D:5)
  A kobold brigand (D:6)
  A bullfrog (D:6)
  A brain worm (Sewer)
  A scorpion (D:6)
  2 bombardier beetles (D:5)
  A hound (D:6)
  An orc priest (D:7)
  A gnoll bouda (D:6)
  3 iguanas
  7 orc wizards
  3 gnolls (D:6)
  3 river rats (Sewer)
  10 adders
  A shadow imp (D:6)
  2 white imps (D:6)
  2 ufetubi (D:5)
  6 dart slugs
  5 ribbon worms
  18 orcs
  13 ball pythons
  12 bats
  6 endoplasms
  8 giant cockroaches
  5 goblins
  9 hobgoblins
  15 jackals
  12 kobolds
  11 quokkas
  7 frilled lizards
  2 rats (D:2)
178 creatures vanquished.

Notes
Turn   | Place    | Note
-------+----------+-------------------------------------------
     0 | D:1      | rvierbuc the Felid Conjurer began the quest for the Orb.
     0 | D:1      | Reached XP level 1. HP: 9/9 MP: 4/4
   218 | D:1      | Reached XP level 2. HP: 13/13 MP: 0/6
  1192 | D:1      | Reached XP level 3. HP: 16/16 MP: 5/7
  1770 | D:2      | Found a glowing silver altar of Zin.
  2246 | D:2      | Reached XP level 4. HP: 21/21 MP: 5/8
  2246 | D:2      | Gained a life (2 lives remaining)
  2328 | D:2      | Identified the ring of Egir {Wiz rC+ Will+ Dex+4}
  2921 | D:3      | Learned a level 2 spell: Searing Ray
  3012 | D:3      | HP: 1/21 [orc/+0 flail (5)]
  3012 | D:3      | Slain by an orc wizard
  3012 | D:3      | Lost a life (1 life remaining)
  3013 | D:3      | Noticed Sigmund
  3021 | D:3      | Killed Sigmund
  3022 | D:3      | Reached skill level 5 in Stealth
  3022 | D:3      | Reached XP level 5. HP: 16/24 MP: 1/10
  3141 | D:3      | Gained mutation: You are covered in thick fur. (AC +2)
                  | [Felid growth]
  3141 | D:3      | Reached XP level 6. HP: 28/28 MP: 8/11
  3257 | D:3      | Found a glowing golden altar of the Shining One.
  3314 | D:3      | Found a faded altar of an unknown god.
  3638 | D:3      | Reached skill level 5 in Dodging
  3873 | D:3      | Found a basalt altar of Yredelemnul.
  3880 | D:3      | Noticed an angel
  3894 | D:3      | Noticed a profane servitor
  4337 | D:4      | Found a transporter.
  4339 | D:4      | Found a transporter.
  4339 | D:4      | Noticed rvierbuc's ghost (amateur OnGl)
  4405 | D:4      | Learned a level 4 spell: Fulminant Prism
  4793 | D:5      | Entered Level 5 of the Dungeon
  5039 | D:5      | Reached skill level 5 in Conjurations
  5039 | D:5      | Reached XP level 7. HP: 24/32 MP: 5/13
  5039 | D:5      | Gained a life (2 lives remaining)
  5567 | D:6      | Found a glowing drain.
  5575 | Sewer    | Entered a sewer
  6931 | D:6      | Reached XP level 8. HP: 36/36 MP: 8/15
  7037 | D:6      | You fall into a shaft and drop 1 floor!
  7037 | D:7      | Found a sparkling altar of Nemelex Xobeh.
  7066 | D:7      | Slain by a yak
  7066 | D:7      | Lost a life (1 life remaining)
  7180 | D:7      | Found a runed translucent gate.
  7180 | D:7      | Found a runed translucent gate.
  7181 | D:7      | Found a runed translucent gate.
  7207 | D:7      | Noticed osoart's ghost (novice MDFi)
  7209 | D:7      | Noticed redsdead's ghost (novice OpSh)
  7209 | D:7      | Noticed EvilEddieB's ghost (amateur DsGl)
  7209 | D:7      | Noticed RoseCult's ghost (novice MDFi)
  7209 | D:7      | Noticed TwadoKnight's ghost (novice MiFi)
  7221 | D:7      | Killed from afar by a steam dragon
  7221 | D:7      | Lost a life (0 lives remaining)
  7248 | D:6      | Reached skill level 5 in Spellcasting
  7482 | D:6      | Found a staircase to the Ecumenical Temple.
  7591 | Temple   | Entered the Ecumenical Temple
  7602 | Temple   | Became a worshipper of Sif Muna the Loreminder
  7942 | D:6      | Found an ancient bone altar of Kikubaaqudgha.
  8094 | D:7      | Reached XP level 9. HP: 39/39 MP: 12/18
  8101 | D:7      | Killed from afar by a steam dragon

Illustrated notes

Levels and vault maps discovered:
D:1:      giann_forest_graveyard, layout_loops_corners
D:2:      layout_loops_ring, basic_altar, minmay_pentomino_o2
D:3:      layout_basic, grunt_temple_overflow_holy_war,
          nicolae_overflow_ecumenical_swirl, kennysheep_generic_room_9,
          uniq_sigmund
D:4:      layout_cave_pools, gammafunk_ghost_arena
D:5:      layout_cave_pools
D:6:      layout_loops_cross, general_overflow_altar, minmay_temple_entry_wispy,
          gup_sewer_entry_pipe
D:7:      gammafunk_the_bubble [the_bubble_gammafunk_crates], layout_rooms,
          nemelex_altar_shiori, gammafunk_ghost_cemetery
Temple:   nicolae_temple_no_exploring_needed

Skill      XL: |  1  2  3  4  5  6  7  8 |
---------------+-------------------------+-----
Stealth        | 3 5 6 7 8 |  8.8
Dodging        | 3 4 5 6 8 |  8.1
Conjurations   | 4 5 6 |  6.5
Spellcasting   | 3 4 5 |  5.6

Action                     |  1- 3 |  4- 6 |  7- 9 || total
---------------------------+-------+-------+-------++-------
  Melee: Unarmed           |    18 |    11 |    44 ||    73
         Bite              |     1 |     1 |     6 ||     8
         Punch             |       |       |     1 ||     1
   Cast: Magic Dart        |    99 |   139 |   126 ||   364
         Searing Ray       |       |     9 |    29 ||    38
    Use: Scroll            |       |       |     1 ||     1
         Potion            |       |       |     3 ||     3
   Stab: Sleeping          |       |       |     1 ||     1
 Armour: Skin              |     9 |    25 |    56 ||    90
  Dodge: Dodged            |    29 |    61 |   109 ||   199

Table legend: (Time is in decaauts)
 A = Elapsed time spent in this place.
 B = Non-inter-level travel time spent in this place.
 C = Inter-level travel time spent in this place.
 D = Time resting spent in this place.
 E = Time spent auto-exploring this place.
 F = Levels seen in this place.
 G = Mean time per level.
                   A        B        C        D        E       F      G
               +--------+--------+--------+--------+--------+-----+--------+
         Total |   8375 |   8200 |    175 |    269 |   6398 |   9 |  930.6 |
       Dungeon |   7000 |   6831 |    169 |    269 |   5408 |   7 | 1000.0 |
        Temple |     20 |     14 |      6 |      0 |      0 |   1 |   20.0 |
         Sewer |   1355 |   1355 |      0 |      0 |    989 |   1 | 1355.0 |
               +--------+--------+--------+--------+--------+-----+--------+

Top non-repeatable levels by time:
     D:1: 1430 daAuts
     D:3: 1379 daAuts
   Sewer: 1355 daAuts
     D:6: 1270 daAuts
     D:2: 1111 daAuts
     D:4: 871 daAuts
     D:5: 680 daAuts
     D:7: 256 daAuts
  Temple: 20 daAuts
